Zazza, neutral female human Tourist ----- --------- |...| #-.......| -------------- #....| #|.......| |.............####|...-# # #|.......| |............| # #-----# ------------ #|........### ----- |.............## # # |..........| #--------- # |...| -------------- # # #-..........| ## ##+..>| # # # # #|..........-#######@#### |...| # # # #---------+-- # ----- # # # ### ##### # # # # # # # ########################## ### # # # # ###-----# # # ----.--------# #|..<|########## ## # |...........|# |....# ---.-----+--# ---- |...........|# |...| |...........# |..| |...........|# ----- |..........| |..| |............# |..........| ---- ------------- ------------ Zazza the Rambler Experience level: 1 Strength: 13 Dexterity: 12 Constitution: 15 Intelligence: 11 Wisdom: 7 Charisma: 18 Health: 0(14) Energy: 2(2) Def: 4 Gold: 1259 Moves: 2359 Dungeon seed: 0xh70UDOFtPzPiIy Game ID: Zazza_1619104772 Your Inventory: Coins $ - 1259 gold pieces Amulets I - an uncursed amulet of unchanging (being worn) Weapons a - 27 +2 darts (in quiver) H - a cursed -2 orcish dagger named cursed Armor e - an uncursed +0 Hawaiian shirt (being worn) n - an uncursed +2 alchemy smock (being worn) r - an uncursed +0 pair of jumping boots (being worn) N - an uncursed +0 pair of gauntlets of fumbling Comestibles b - 4 uncursed tripe rations c - 5 uncursed food rations d - 2 uncursed cream pies f - an uncursed apple E - an uncursed tripe ration S - 5 uncursed food rations Scrolls g - a blessed scroll of confuse monster j - 2 uncursed scrolls of magic mapping o - an uncursed scroll of create monster q - an uncursed scroll of scare monster y - an uncursed scroll of gold detection A - an uncursed scroll of create monster K - an uncursed scroll of enchant armor O - a blessed scroll of remove curse Z - an uncursed scroll of enchant weapon Spellbooks s - an uncursed spellbook of magic missile Potions i - 2 uncursed potions of extra healing p - a cursed potion of paralysis v - a cursed potion of invisibility x - an uncursed potion of levitation B - an uncursed potion of confusion C - a blessed potion of gain level F - an uncursed potion of water U - a potion of unholy water V - an uncursed potion of enlightenment Rings L - a cursed ring of slow digestion named cursed X - a cursed ring of aggravate monster Wands w - a wand of teleportation (0:5) W - a wand of sleep (0:7) Tools l - an expensive camera (0:45) m - an uncursed credit card t - an uncursed towel u - a bag of tricks (0:14) D - an uncursed oil lamp (0:1311) Spells and supernatural/magical abilities: Name Level Category Fail Memory m - magic missile 2 attack 100% 90% W - pray for help -- divine ? -- Y - supernatural jump -- ability ? -- Your skills at the end: Fighting Skills Weapon Skills dart [Basic] Spellcasting Skills Final Attributes: You were nominally aligned. You were poison resistant. You were acid resistant. You could jump. You could not change from your current form. You are dead. Vanquished creatures: a wererat a hobgoblin 3 giant rats a yellow mold a green mold a red mold a gnome zombie a gecko 4 jackals a fox a kobold a goblin 2 sewer rats 6 grid bugs 5 lichens 2 kobold zombies 3 newts 35 creatures vanquished. Voluntary challenges: You never hit with a wielded weapon. You read items or engraved 10 times, starting on turn 337. You never genocided any monsters. You never polymorphed an object. You never changed form. You used no wishes. You never split a pudding. You wrote Elbereth's name 4 times, starting on turn 1105. You never violated your personal moral code. Dungeon overview: The Dungeons of Doom: levels 1 to 5 Level 1 some fountains a long staircase Level 2 a general store Level 3 stairs to The Gnomish Mines Level 4 a general store Level 5 <- You were here The Gnomish Mines: Level 4 stairs to The Dungeons of Doom History has recorded: On T:1 you entered the Dungeons of Doom to retrieve the Amulet of Yendor! On T:300 you reached level 2 of The Dungeons of Doom. On T:365 you reached level 3 of The Dungeons of Doom. On T:1230 you reached level 1 of The Gnomish Mines. On T:1282 you reached level 4 of The Dungeons of Doom. On T:2232 you reached level 5 of The Dungeons of Doom. Score breakdown: Gold: 1104 (10352 points) Experience: 1 level ( 0 points) Exploration: 5 levels ( 10.42%) ( 8751 points) Discoveries: 7 items ( 2.35%) ( 4597 points) Valuables value: (no points given unless you survive) Artifact value: 0 ( 0 points) Variety of kills: 17 monsters ( 4.46%) ( 6336 points) Turncount: 2359 turns ( -244 points) Survival: died (score multiplied by 80%) Total score: 23833 Latest messages: You have a little trouble lifting H - an orcish dagger. The hobgoblin hits! Armand bites the hobgoblin. The hobgoblin is killed! You displace Armand. You drop an orcish dagger. You stop. Armand is in the way! You see here an orcish dagger. You have a little trouble lifting H - an orcish dagger. Never mind. As you read the scroll, it disappears. A map coalesces in your mind! You displace Armand. You hear a nearby zap. The wand hits it. The wand hits you! You die... Final status: Aloha Zazza the Tourist, killed by a wand... You died in The Dungeons of Doom on dungeon level 5 with 23833 points, and 1259 pieces of gold, after 2359 moves. You were level 1 with a maximum of 14 hit points when you died.